[ AOE2 MATCH · #507329787 ]
UnrankedBulgarians vs Romans
Player's team · LOSS
Rival team · WIN
[ REPLAY ANALYSIS · EXTRACTED FROM THE RECORDED GAME ]
Feudal
9:48
Castle
—
Imperial
—
| APM avg | 36.8 |
| APM peak | 80 |
| eAPM avg | 17.1 |
| Villagers / military | 55 / 5 |
Focus
⚔️ 8.3% · 🌾 91.7%
Militia ×5 · Fishing Ship ×4
Feudal
10:55
Castle
—
Imperial
—
| APM avg | 21.0 |
| APM peak | 35 |
| eAPM avg | 9.3 |
| Villagers / military | 44 / 26 |
Focus
⚔️ 28.1% · 🌾 71.9%
Militia ×26 · Fishing Ship ×15
Match map
Initial resources + every placement click. Lines = walls · curves = elevation contours. ◆ gold · ⬟ stone · ● berries · ✦ relic · ◌ wall gap
Your base· Open — unwalled flank
ZawiszaCzarny's base· Open — unwalled flank
Smoothed initial terrain · ◌ = detected wall gap · hover for details
Inputs per minute
— Zarko - - ZawiszaCzarny
Build order — Zarko
92 actions detected in the replay
| 0:01 | Queue | Villager (Male) |
| 0:01 | Queue | Villager (Male) |
| 0:03 | Build | House |
| 0:05 | Build | House |
| 0:06 | Queue | Villager (Male) |
| 0:06 | Queue | Villager (Male) |
| 1:44 | Queue | Villager (Male) |
| 1:45 | Queue | Villager (Male) |
| 2:15 | Queue | Villager (Male) |
| 2:15 | Queue | Villager (Male) |
| 2:25 | Queue | Villager (Male) |
| 2:25 | Queue | Villager (Male) |
| 2:25 | Queue | Villager (Male) |
| 2:47 | Queue | Villager (Male) |
| 2:47 | Queue | Villager (Male) |
| 3:12 | Queue | Villager (Male) |
| 3:12 | Queue | Villager (Male) |
| 3:50 | Queue | Villager (Male) |
| 3:50 | Queue | Villager (Male) |
| 4:06 | Build | House |
| 4:14 | Build | House |
| 4:30 | Queue | Villager (Male) |
| 4:30 | Queue | Villager (Male) |
| 4:30 | Queue | Villager (Male) |
| 5:03 | Build | Mill |
| 5:22 | Queue | Villager (Male) |
| 5:23 | Queue | Villager (Male) |
| 5:23 | Queue | Villager (Male) |
| 5:48 | Build | Lumber Camp |
| 6:16 | Queue | Villager (Male) |
| 6:45 | Research | Loom |
| 7:07 | Build | Dock |
| 7:38 | Research | Feudal Age |
| 8:40 | Queue | Fishing Ship |
| 8:50 | Build | House |
| 9:18 | Build | House |
| 9:31 | Queue | Fishing Ship |
| 9:37 | Queue | Fishing Ship |
| 9:48 | Age | Feudal Age |
| 9:49 | Queue | Villager (Male) |
| 9:50 | Queue | Villager (Male) |
| 9:52 | Research | Double-Bit Axe |
| 10:17 | Build | Mining Camp |
| 10:22 | Queue | Villager (Male) |
| 10:23 | Queue | Villager (Male) |
| 10:46 | Research | Tech 906 |
| 11:24 | Queue | Fishing Ship |
| 11:33 | Queue | Villager (Male) |
| 11:34 | Queue | Villager (Male) |
| 11:50 | Queue | Villager (Male) |
| 11:56 | Build | Barracks |
| 12:03 | Build | House |
| 12:34 | Build | Blacksmith |
| 12:49 | Queue | Villager (Male) |
| 12:53 | Research | Horse Collar |
| 13:09 | Queue | Villager (Male) |
| 13:10 | Queue | Villager (Male) |
| 13:10 | Queue | Villager (Male) |
| 13:41 | Build | Farm |
| 13:41 | Build | Farm |
| 13:41 | Build | Farm |
| 13:41 | Build | Farm |
| 13:41 | Build | Farm |
| 13:46 | Build | Farm |
| 13:54 | Build | Farm |
| 14:14 | Build | Farm |
| 14:25 | Build | Watch Tower |
| 14:31 | Queue | Militia |
| 14:31 | Queue | Militia |
| 16:00 | Queue | Villager (Male) |
| 16:00 | Queue | Villager (Male) |
| 16:00 | Queue | Villager (Male) |
| 16:01 | Queue | Villager (Male) |
| 16:16 | Queue | Militia |
| 16:16 | Queue | Militia |
| 16:17 | Queue | Militia |
| 16:51 | Queue | Villager (Male) |
| 16:51 | Queue | Villager (Male) |
| 16:51 | Queue | Villager (Male) |
| 17:42 | Queue | Villager (Male) |
| 17:42 | Queue | Villager (Male) |
| 17:53 | Queue | Villager (Male) |
| 17:53 | Queue | Villager (Male) |
| 18:10 | Queue | Villager (Male) |
| 18:10 | Queue | Villager (Male) |
| 18:23 | Queue | Villager (Male) |
| 19:52 | Queue | Villager (Male) |
| 19:52 | Queue | Villager (Male) |
| 20:51 | Queue | Villager (Male) |
| 20:51 | Queue | Villager (Male) |
| 21:16 | Queue | Villager (Male) |
| 21:16 | Queue | Villager (Male) |
Build order — ZawiszaCzarny
88 actions detected in the replay
| 0:02 | Queue | Villager (Male) ×4 |
| 0:02 | Queue | Villager (Male) ×4 |
| 0:04 | Build | House |
| 0:05 | Build | House |
| 1:30 | Queue | Villager (Male) |
| 1:49 | Build | Lumber Camp |
| 2:02 | Queue | Villager (Male) |
| 2:11 | Build | House |
| 2:13 | Build | House |
| 2:19 | Queue | Villager (Male) |
| 2:19 | Queue | Villager (Male) |
| 2:45 | Queue | Villager (Male) |
| 2:45 | Queue | Villager (Male) |
| 3:14 | Queue | Villager (Male) |
| 3:57 | Queue | Villager (Male) ×2 |
| 4:43 | Queue | Villager (Male) ×2 |
| 4:54 | Build | Dock |
| 5:30 | Queue | Villager (Male) ×2 |
| 5:30 | Queue | Villager (Male) ×2 |
| 5:54 | Queue | Fishing Ship |
| 6:12 | Queue | Villager (Male) |
| 6:27 | Queue | Fishing Ship |
| 6:49 | Queue | Fishing Ship |
| 6:57 | Queue | Villager (Male) ×2 |
| 7:02 | Build | House |
| 7:04 | Build | House |
| 7:05 | Build | House |
| 7:20 | Queue | Fishing Ship |
| 7:37 | Build | Mining Camp |
| 7:40 | Queue | Villager (Male) |
| 8:04 | Queue | Fishing Ship |
| 8:07 | Queue | Villager (Male) |
| 8:45 | Research | Feudal Age |
| 9:01 | Build | Mill |
| 9:08 | Queue | Fishing Ship |
| 9:43 | Queue | Villager (Male) |
| 9:44 | Queue | Villager (Male) |
| 9:59 | Build | Barracks |
| 10:55 | Age | Feudal Age |
| 11:00 | Queue | Militia |
| 11:01 | Queue | Militia |
| 11:09 | Build | Blacksmith |
| 11:15 | Research | Loom |
| 11:25 | Build | Mining Camp |
| 11:37 | Queue | Villager (Male) |
| 11:40 | Queue | Militia |
| 12:13 | Research | Double-Bit Axe |
| 12:21 | Queue | Fishing Ship |
| 12:25 | Queue | Militia |
| 12:26 | Queue | Militia |
| 12:28 | Research | Scale Mail Armor |
| 12:47 | Build | House |
| 12:48 | Build | House |
| 12:50 | Build | House |
| 12:52 | Build | House |
| 12:53 | Build | House |
| 13:00 | Queue | Villager (Male) |
| 13:01 | Queue | Villager (Male) |
| 13:08 | Queue | Militia |
| 13:13 | Research | Man-at-Arms (upgrade) |
| 13:35 | Queue | Villager (Male) |
| 14:15 | Build | Watch Tower |
| 14:25 | Queue | Militia ×5 |
| 14:25 | Queue | Militia ×5 |
| 14:25 | Queue | Militia |
| 14:35 | Queue | Villager (Male) |
| 14:39 | Queue | Villager (Male) |
| 14:39 | Queue | Villager (Male) |
| 14:53 | Research | Fletching |
| 14:58 | Queue | Fishing Ship |
| 14:58 | Queue | Fishing Ship |
| 14:59 | Queue | Fishing Ship |
| 15:54 | Queue | Villager (Male) |
| 15:54 | Queue | Villager (Male) |
| 18:02 | Queue | Militia |
| 18:03 | Queue | Militia |
| 18:03 | Queue | Militia |
| 18:32 | Build | Watch Tower |
| 18:44 | Queue | Militia |
| 18:52 | Queue | Fishing Ship ×5 |
| 19:14 | Queue | Militia |
| 19:15 | Queue | Militia |
| 19:44 | Build | Watch Tower |
| 20:00 | Queue | Militia |
| 20:00 | Queue | Militia |
| 20:47 | Queue | Villager (Male) ×5 |
| 21:14 | Build | Watch Tower |
| 21:24 | Queue | Militia |
Match timeline
| 4:54 | ZawiszaCzarny · first_building Dock |
| 7:07 | Zarko · first_building Dock |
| 9:48 | Zarko · age_up feudal |
| 9:59 | ZawiszaCzarny · first_building Barracks |
| 10:55 | ZawiszaCzarny · age_up feudal |
| 11:56 | Zarko · first_building Barracks |
| 21:33 | Zarko · resign |
[ AI ANALYSIS · 1 CREDIT ]
What really happened in this match?
Wolo.gg analyzes every decision: build order, eco, micro, common mistakes by bracket. Personalized analysis on WhatsApp or Discord in 30 seconds.
Civ guide
Bulgarians
Perfil
Jugador #15623485